[Event "Team 45 45 League T81"]
[Site "Internet Chess Club"]
[Date "2019.07.22"]
[Round "4"]
[White "Hal2001"]
[Black "Andaluz"]
[Result "1/2-1/2"]
[WhiteElo "1509"]
[BlackElo "1325"]
[Opening "Queen's pawn game"]
[ECO "D02"]
[Time "13:02:58"]
[TimeControl "2700+45"]

1. Nf3 d5 2. d4 c6 3. e3 Nf6 4. Bd3 h6 5. O-O Nbd7 6. c3 Qc7 7. Nbd2 e5 8. dxe5
Nxe5 9. Nxe5 Qxe5 10. Nf3 Qh5 11. Nd4 Bg4 12. f3 Bd7 13. e4 Bd6 14. g3 dxe4 15.
fxe4 Bg4 16. Qe1 O-O 17. Bf4 Bc5 18. e5 Nd5 19. Qe4 g6 20. Rf2 Bxd4 21. cxd4
Nxf4 22. Qxf4 Be6 23. Be2 Qg5 24. b3 Rad8 25. Bc4 Kg7 {Game drawn by mutual
agreement} 1/2-1/2

[Event "Team 45 45 League T81"]
[Site "Internet Chess Club"]
[Date "2019.07.23"]
[Round "4"]
[White "Toalla"]
[Black "Gilguli"]
[Result "1-0"]
[WhiteElo "1250"]
[BlackElo "1300"]
[Opening "QGD: Albin counter-gambit"]
[ECO "D08"]
[Time "15:05:55"]
[TimeControl "2700+45"]

1. d4 d5 2. c4 e5 3. dxe5 d4 4. e4 Nc6 5. f4 Nge7 6. Nf3 Bg4 7. h3 Bxf3 8. Qxf3
Qd7 9. Nd2 O-O-O 10. Nb3 Nb4 11. Bd3 Ng6 12. g3 Nxd3+ 13. Qxd3 Bb4+ 14. Bd2
Bxd2+ 15. Kxd2 h5 16. Raf1 h4 17. g4 Ne7 18. a3 Rh6 19. Nc5 Qc6 20. b4 b6 21.
Nb3 Qd7 22. c5 Qa4 23. Na1 bxc5 24. bxc5 Qa5+ 25. Ke2 Rc6 26. Rc1 Ra6 27. Nc2
Qxc5 28. Qxa6+ Kb8 29. Rb1+ {Black resigns} 1-0

[Event "Team 45 45 League T81"]
[Site "Internet Chess Club"]
[Date "2019.07.21"]
[Round "4"]
[White "idjit"]
[Black "fireball"]
[Result "1/2-1/2"]
[WhiteElo "1600"]
[BlackElo "1519"]
[Opening "French defense"]
[ECO "C11"]
[Time "10:01:32"]
[TimeControl "2700+45"]

1. e4 e6 2. d4 d5 3. Nc3 Nf6 4. exd5 exd5 5. Nf3 Bb4 6. a3 Bxc3+ 7. bxc3 O-O 8.
Bd3 Re8+ 9. Be3 Ne4 10. c4 Bg4 11. O-O dxc4 12. Bxc4 Qf6 13. h3 Bxf3 14. Qxf3
Qxf3 15. gxf3 Nd6 16. Ba2 Nc6 17. Rab1 Rad8 18. Rfd1 b6 19. Rd3 Nf5 20. Kf1
Ncxd4 21. Rbd1 Nc6 22. Bf4 Rxd3 23. Rxd3 Ncd4 24. Bxc7 Nxc2 25. Rd7 Nh6 26. Bf4
Rf8 27. Rxa7 Nf5 28. Rb7 Nxa3 29. Rxb6 Nc2 30. Be5 Ncd4 31. f4 Re8 32. Rb7 Ne6
33. Kg2 h5 34. Kf3 Re7 35. Rb8+ Kh7 36. Bb1 Kg6 37. Be4 Nc5 38. Bd6 Rxe4 39.
Bxc5 Rc4 40. Rb6+ f6 41. Be3 Rc2 42. Rb1 Rc3 43. Rc1 Rxc1 44. Bxc1 Nd6 45. Be3
Kf5 46. Bc5 Ne4 47. Bf8 g6 48. Ke3 Nc3 49. Bh6 Nd5+ 50. Kf3 Nc3 51. Ke3 g5 52.
fxg5 fxg5 53. h4 Ne4 54. Bxg5 Nxg5 55. hxg5 Kxg5 56. Kf3 Kh4 57. Kg2 Kg4 58. Kh2
h4 59. Kh1 Kf3 60. Kh2 Kg4 61. f3+ Kxf3 62. Kh3 Kf4 63. Kxh4 {Game drawn because
neither player has mating material} 1/2-1/2

[Event "Team 45 45 League T81"]
[Site "Internet Chess Club"]
[Date "2019.07.22"]
[Round "4"]
[White "nidusin2"]
[Black "Bizzy-Ketty"]
[Result "0-1"]
[WhiteElo "1500"]
[BlackElo "1580"]
[Opening "Queen's pawn game"]
[ECO "A45"]
[Time "10:37:45"]
[TimeControl "2700+45"]

1. d4 Nf6 2. Nc3 e6 3. Bf4 d5 4. e3 a6 5. Nf3 Nbd7 6. Bd3 c5 7. O-O Be7 8. e4
cxd4 9. exd5 dxc3 10. dxe6 fxe6 11. Ng5 Nc5 12. Nxh7 Nxd3 13. Nxf6+ Bxf6 14.
cxd3 cxb2 15. Rb1 Bd7 16. Qf3 Bc6 17. Qe3 Qd5 18. Qg3 Kf7 19. Rfe1 Rh4 20. f3
Rah8 21. Be5 Rxh2 {White resigns} 0-1

[Event "Team 45 45 League T81"]
[Site "Internet Chess Club"]
[Date "2019.07.21"]
[Round "4"]
[White "Electryon"]
[Black "Skeptic1972"]
[Result "1/2-1/2"]
[WhiteElo "1440"]
[BlackElo "1416"]
[Opening "Queen's pawn: London system"]
[ECO "A45"]
[Time "14:31:49"]
[TimeControl "2700+45"]

1. d4 Nf6 2. Bf4 d5 3. e3 Bf5 4. c4 e6 5. Qb3 b6 6. Nc3 c5 7. cxd5 exd5 8. Bb5+
Ke7 9. dxc5 bxc5 10. Rd1 Be6 11. Qa3 Qb6 12. Nf3 Nc6 13. Bxc6 Qxc6 14. Nd4 Qb6
15. Nxe6 fxe6 16. O-O Kf7 17. b3 c4 18. Qb2 cxb3 19. Qxb3 Qxb3 20. axb3 Bb4 21.
Na2 Be7 22. Rc1 Rhc8 23. Be5 Ba3 24. Rb1 Rc2 25. Nc1 Nd7 26. Bd4 e5 27. Ba1 Rac8
28. Nd3 e4 29. Ne5+ Nxe5 30. Bxe5 g6 {Game drawn by mutual agreement} 1/2-1/2

[Event "Team 45 45 League T81"]
[Site "Internet Chess Club"]
[Date "2019.07.21"]
[Round "4"]
[White "JPSVI"]
[Black "sdcohle"]
[Result "1-0"]
[WhiteElo "1535"]
[BlackElo "1320"]
[Opening "Réti: King's Indian attack (Barcza system)"]
[ECO "A07"]
[Time "21:01:07"]
[TimeControl "2700+45"]

1. Nf3 d5 2. g3 Nf6 3. Bg2 e6 4. O-O Be7 5. d3 b6 6. Nbd2 O-O 7. e4 dxe4 8. dxe4
Bb7 9. Qe2 Nbd7 10. e5 Nd5 11. a3 c5 12. Rd1 Nc7 13. b3 Nd5 14. Bb2 a5 15. c4
Nc7 16. Ne4 Qc8 17. Nd6 Bxd6 18. Rxd6 Ne8 19. Rd2 Nb8 20. Rad1 Nc6 21. Ng5 Nc7
22. Qe4 g6 23. Rd6 Rd8 24. Rxd8+ Nxd8 25. Rxd8+ Qxd8 26. Qxb7 Rb8 27. Qc6 Ne8
28. Ne4 Rc8 29. Qb7 Rb8 30. Qa7 Ra8 31. Nf6+ Nxf6 32. Qxa8 Qxa8 33. Bxa8 Ne8 34.
Bc1 Kg7 35. Bg5 h6 36. Bd8 Kh7 37. Bxb6 {Black resigns} 1-0

[Event "Team 45 45 League T81"]
[Site "Internet Chess Club"]
[Date "2019.07.17"]
[Round "4"]
[White "President"]
[Black "QuieroAprender"]
[Result "0-1"]
[WhiteElo "1674"]
[BlackElo "1688"]
[Opening "Nimzovich-Larsen attack"]
[ECO "A01"]
[Time "21:34:37"]
[TimeControl "2700+45"]

1. b3 Nc6 2. Bb2 e5 3. e3 d5 4. Bb5 Bd6 5. Nf3 f6 6. d3 a6 7. Nbd2 axb5 8. e4 d4
9. c4 bxc4 10. Nxc4 Bb4+ 11. Ncd2 Bg4 12. a3 Bxd2+ 13. Kxd2 h6 14. h3 Bh5 15. g4
Bf7 16. b4 Nge7 17. Nh4 g5 18. Nf5 Nxf5 19. gxf5 Qe7 20. Qc2 Qd7 21. Rac1 O-O
22. f3 Kg7 23. h4 Rh8 24. Rcg1 Ne7 25. Bc1 Qc6 26. Qxc6 Nxc6 27. b5 Na5 28. Bb2
Nb3+ 29. Ke2 Nc5 30. Rc1 b6 31. Rcg1 Na4 32. Bc1 Nc3+ 33. Kf2 Nxb5 34. f4 exf4
35. Bxf4 Rxa3 36. Rg3 Ra2+ 37. Kf3 Ra3 38. Kg2 Ra2+ 39. Kh3 Nc3 40. Bxc7 b5 41.
e5 Nd5 42. Bd6 Nf4+ 43. Kg4 Ne2 44. exf6+ Kg8 45. hxg5 h5+ 46. Kf3 Nxg3 47. Kxg3
Bd5 48. g6 Bxh1 49. Kf4 Bd5 50. Ke5 Bf7 51. Kxd4 h4 52. Kc5 Rb2 53. Kc6 h3 54.
Kd7 h2 55. Ke7 Re2+ 56. Kd7 h1=Q 57. Kd8 Qa8+ 58. Kc7 Rc2+ 59. Kb6 Qc6+ 60. Ka5
Qxd6 61. Kxb5 Qc6+ 62. Kb4 Rb2+ 63. Ka3 Ra2+ 64. Kb4 Rh4+ 65. d4 Rxd4# {White
checkmated} 0-1

[Event "Team 45 45 League T81"]
[Site "Internet Chess Club"]
[Date "2019.07.23"]
[Round "4"]
[White "wildwood"]
[Black "Covenanteer"]
[Result "0-1"]
[WhiteElo "1525"]
[BlackElo "1606"]
[Opening "Sicilian: Pin variation (Sicilian counter-attack)"]
[ECO "B41"]
[Time "12:00:29"]
[TimeControl "2700+45"]

1. e4 c5 2. Nf3 e6 3. d4 cxd4 4. Nxd4 Nf6 5. Nc3 Bb4 6. f3 Bxc3+ 7. bxc3 a6 8.
Bg5 h6 9. Bh4 d6 10. Be2 Nbd7 11. O-O Qc7 12. Qd2 O-O 13. Bg3 b5 14. a4 Qc5 15.
Kh1 bxa4 16. Rxa4 Nb6 17. Rb4 d5 18. Bf2 Qc7 19. Nxe6 Bxe6 20. Bxb6 Qe5 21. Bd4
Qh5 22. e5 Nh7 23. f4 Bg4 24. Bxg4 Qxg4 25. f5 a5 26. Ra4 Ng5 27. Rf4 Ne4 28.
Qc1 Qh5 29. c4 Ng3+ {White resigns} 0-1

[Event "Team 45 45 League T81"]
[Site "Internet Chess Club"]
[Date "2019.07.18"]
[Round "4"]
[White "liujf"]
[Black "tightfist"]
[Result "1-0"]
[WhiteElo "1577"]
[BlackElo "1485"]
[Opening "French: Tarrasch, open variation"]
[ECO "C07"]
[Time "20:01:56"]
[TimeControl "2700+45"]

1. e4 e6 2. d4 d5 3. Nd2 c5 4. c3 dxe4 5. Nxe4 cxd4 6. cxd4 Bb4+ 7. Nc3 Nc6 8.
Nf3 Nf6 9. Bd3 O-O 10. O-O b6 11. Bf4 Bb7 12. Rc1 a6 13. a3 Bd6 14. Bxd6 Qxd6
15. Ne4 Nxe4 16. Bxe4 f5 17. Bb1 Qd5 18. Re1 Rad8 19. Bc2 Nxd4 20. Qxd4 Qxf3 21.
Qxg7+ Kxg7 22. gxf3 Bd5 23. Bd3 a5 24. Bc4 Kf6 25. Bxd5 Rxd5 26. Rc6 Re5 27.
Rxe5 Kxe5 28. Rxb6 Ra8 29. Kf1 Kf6 30. f4 Ra7 31. Ke2 h6 32. Kf3 Rc7 33. Ra6 Rb7
34. Rxa5 Rb3+ 35. Kg2 Rxb2 36. Re5 Ra2 37. Re3 Kf7 38. h4 Kf6 39. h5 Kf7 40. Rg3
Ke7 41. Rd3 Ke8 42. Rd6 Ke7 43. Ra6 Re2 44. Rb6 Ra2 45. Ra6 Kf6 46. a4 Ke7 47.
Ra7+ Kf6 48. a5 Ra3 49. Ra8 Kf7 50. a6 Ke7 51. a7 Kf7 52. Rh8 Kg7 53. a8=Q Rxa8
54. Rxa8 Kf7 55. Ra7+ Kf6 56. Kg3 e5 57. fxe5+ Kxe5 58. Rh7 Kf6 59. Rxh6+ Kg5
60. Rh8 Kf6 61. Rg8 Kf7 62. Rg6 Kf8 63. Kf4 Kf7 64. Kxf5 Kf8 65. h6 Kf7 66. h7
Ke7 67. h8=Q {Black resigns} 1-0

[Event "Team 45 45 League T81"]
[Site "Internet Chess Club"]
[Date "2019.07.20"]
[Round "4"]
[White "Kingofknights"]
[Black "Pawnchain"]
[Result "1-0"]
[WhiteElo "1553"]
[BlackElo "1411"]
[Opening "Benkö gambit half accepted"]
[ECO "A57"]
[Time "10:03:48"]
[TimeControl "2700+45"]

1. d4 Nf6 2. c4 c5 3. d5 b5 4. cxb5 a6 5. b6 g6 6. Nc3 Qxb6 7. e4 d6 8. Bd3 Bg7
9. Qe2 Nbd7 10. a4 O-O 11. a5 Qa7 12. Nf3 Ng4 13. O-O Nge5 14. Nxe5 Nxe5 15. Bc2
Bg4 16. f3 Bd7 17. Bg5 f6 18. Be3 Qb7 19. Na4 {Black resigns} 1-0

[Event "Team 45 45 League T81"]
[Site "Internet Chess Club"]
[Date "2019.07.20"]
[Round "4"]
[White "fledermaus"]
[Black "primerpaso"]
[Result "0-1"]
[WhiteElo "1856"]
[BlackElo "1720"]
[Opening "QGD: Lasker defense"]
[ECO "D56"]
[Time "17:01:48"]
[TimeControl "2700+45"]

1. Nf3 d5 2. d4 Nf6 3. c4 e6 4. Nc3 Be7 5. Bg5 O-O 6. e3 h6 7. Bh4 Ne4 8. Bxe7
Qxe7 9. Rc1 Rd8 10. Qb3 Nc6 11. cxd5 exd5 12. Bd3 Nf6 13. O-O Nb4 14. Bb1 Na6
15. Na4 Ne4 16. Ne5 c6 17. Qd3 Nc7 18. Nc5 Nf6 19. b4 a5 20. bxa5 Rxa5 21. Qc3
Ra8 22. Qb2 Nce8 23. Bd3 Nd6 24. Rb1 Nfe4 25. Rfc1 Nxc5 26. Rxc5 Bd7 27. h3 Be8
28. Qe2 f6 29. Ng6 Qf7 30. Nf4 Ne4 31. Rc2 g5 32. f3 Ng3 33. Qe1 gxf4 34. exf4
Qg7 35. Rcb2 Ra7 36. Qe6+ Bf7 37. Qg4 Nh5 38. Rxb7 Rxb7 39. Rxb7 Qxg4 40. hxg4
Nxf4 41. Bf5 Ne2+ 42. Kf2 Nxd4 43. Ke3 Nxf5+ 44. gxf5 c5 45. Rc7 d4+ 46. Kd3 c4+
{White resigns} 0-1

[Event "Team 45 45 League T81"]
[Site "Internet Chess Club"]
[Date "2019.07.21"]
[Round "4"]
[White "andrew37"]
[Black "zepled37"]
[Result "1-0"]
[WhiteElo "1650"]
[BlackElo "1667"]
[Opening "Three knights: Schlechter variation"]
[ECO "C46"]
[Time "17:07:04"]
[TimeControl "2700+45"]

1. e4 e5 2. Nf3 Nc6 3. Nc3 Bb4 4. Nd5 Nf6 5. Nxb4 Nxb4 6. Nxe5 d6 7. Nf3 Nxe4 8.
c3 Nc6 9. d3 Nf6 10. Be2 h6 11. O-O O-O 12. h3 Bd7 13. d4 d5 14. Bd3 Ne7 15. Qc2
c6 16. Ne5 Qc8 17. Nxd7 Qxd7 18. Bf4 Nc8 19. Bf5 Qd8 20. Rae1 Nd6 21. Bd3 Qd7
22. Be5 Nfe8 23. Re3 Nc4 24. Rg3 Nxe5 25. dxe5 f6 26. Bf5 Qe7 27. e6 Nd6 28. Re1
Nxf5 29. Qxf5 Rae8 30. Qg6 Kh8 31. Rf3 Rc8 32. Rf5 Qe8 33. Qg4 Rc7 34. Rf3 Re7
35. Rfe3 Qc8 36. f4 f5 37. Qe2 Rf6 38. Re5 Qe8 39. Kh2 Kg8 40. Qe3 a6 41. b4 Kh8
42. g4 fxg4 43. hxg4 Qg6 44. Kg3 Kg8 45. f5 Qg5 46. Qxg5 hxg5 47. Rh1 g6 48. a4
b5 49. a5 Kg7 50. Kf3 Rf8 51. Ke3 Kf6 52. Kd4 Rfe8 53. Rh6 Kg7 54. Rxg6+ Kh7 55.
Rxg5 {Black resigns} 1-0

[Event "Team 45 45 League T81"]
[Site "Internet Chess Club"]
[Date "2019.07.18"]
[Round "4"]
[White "Grenadier"]
[Black "LuFran"]
[Result "1-0"]
[WhiteElo "1619"]
[BlackElo "1658"]
[Opening "Sicilian: closed, Korchnoi variation"]
[ECO "B23"]
[Time "20:01:00"]
[TimeControl "2700+45"]

1. e4 c5 2. Nc3 e6 3. g3 d5 4. exd5 exd5 5. Bg2 Nf6 6. d3 d4 7. Ne4 Nxe4 8. dxe4
Be7 9. Ne2 O-O 10. O-O Nc6 11. Nf4 Bd6 12. Nd5 Ne7 13. Bg5 Be6 14. Nf4 Bxf4 15.
Bxf4 Ng6 16. Bd2 Rb8 17. f4 Ne7 18. b3 f5 19. Re1 Qd7 20. Qe2 b6 21. exf5 {Black
resigns} 1-0

[Event "Team 45 45 League T81"]
[Site "Internet Chess Club"]
[Date "2019.07.22"]
[Round "4"]
[White "olivermx"]
[Black "GoIrish"]
[Result "0-1"]
[WhiteElo "1254"]
[BlackElo "1517"]
[Opening "Scandinavian (center counter) defense"]
[ECO "B01"]
[Time "12:06:41"]
[TimeControl "2700+45"]

1. e4 d5 2. exd5 Qxd5 3. Nc3 Qa5 4. Nf3 Bg4 5. Be2 e6 6. O-O Nf6 7. d4 c6 8. Be3
Bb4 9. Nb1 O-O 10. c3 Be7 11. Nbd2 Nbd7 12. Qc2 c5 13. Nc4 Qc7 14. Nce5 Bxf3 15.
Nxf3 h6 16. Qd2 Ne4 17. Qc1 cxd4 18. Nxd4 Bg5 19. Bxg5 Nxg5 20. Qc2 Nf6 21. h3
Rad8 22. Rad1 a6 23. Bd3 Nd5 24. a3 Nf4 25. b4 e5 26. Nb3 Qc6 27. f3 Nxd3 28.
Rxd3 Rxd3 29. Qxd3 Qb6+ 30. Kh1 Rd8 31. Qe2 Ne6 32. Rd1 Rxd1+ 33. Qxd1 Qc7 34.
Qe1 Nf4 35. Nc5 f6 36. Qd2 a5 37. Qd7 Qxd7 38. Nxd7 axb4 39. cxb4 Nd5 40. Nc5 b5
41. a4 bxa4 42. Nxa4 Nxb4 43. Nc3 Kf7 44. g4 Ke6 45. Kg2 g6 46. Ne2 Nd3 47. Kg3
f5 48. gxf5+ gxf5 49. h4 Kf6 50. Kh3 f4 51. Kg4 Ne1 52. Ng1 Kg6 53. h5+ Kf6 54.
Ne2 Nd3 55. Ng1 Nf2+ 56. Kh4 Kf5 57. Nh3 Nxh3 58. Kxh3 Kg5 59. Kh2 Kxh5 60. Kh3
Kg5 61. Kg2 h5 62. Kh3 Kf5 63. Kh4 e4 64. fxe4+ Kxe4 65. Kxh5 Ke3 66. Kg4 f3
{White resigns} 0-1

[Event "Team 45 45 League T81"]
[Site "Internet Chess Club"]
[Date "2019.07.20"]
[Round "4"]
[White "Packerfan"]
[Black "LinceHispano44"]
[Result "1-0"]
[WhiteElo "1713"]
[BlackElo "1761"]
[Opening "French: Winawer, advance variation"]
[ECO "C16"]
[Time "10:01:10"]
[TimeControl "2700+45"]

1. e4 e6 2. d4 d5 3. Nc3 Bb4 4. e5 b6 5. a3 Bf8 6. Nf3 Qd7 7. Be2 Ba6 8. b4 Bxe2
9. Nxe2 c5 10. bxc5 bxc5 11. c3 Nc6 12. O-O c4 13. Qa4 Nxe5 14. Qxd7+ Nxd7 15.
Bf4 Ngf6 16. Rfb1 Nh5 17. Bc7 Be7 18. Rb7 O-O 19. Ba5 Nhf6 20. Ne5 Rab8 21. Rxd7
Bxa3 22. Rxa7 Rb2 23. Ng3 Bd6 24. Nd7 Re8 25. Nxf6+ gxf6 26. Nh5 Reb8 27. g3 f5
28. Ra6 Bf8 29. Nf6+ Kg7 30. Nd7 Rb1+ 31. Rxb1 Rxb1+ 32. Kg2 Be7 33. Nc5 Ra1 34.
Bb4 Rc1 35. Ra7 Bxc5 36. dxc5 e5 37. c6 {Black resigns} 1-0

[Event "Team 45 45 League T81"]
[Site "Internet Chess Club"]
[Date "2019.07.21"]
[Round "4"]
[White "Portola"]
[Black "kllrchris"]
[Result "1/2-1/2"]
[WhiteElo "1766"]
[BlackElo "1616"]
[Opening "King's Indian: East Indian defense"]
[ECO "A48"]
[Time "19:03:03"]
[TimeControl "2700+45"]

1. d4 Nf6 2. Nf3 g6 3. c3 b6 4. Bg5 Bg7 5. Nbd2 Bb7 6. e3 O-O 7. Bd3 c5 8. O-O
d5 9. Qe2 Ne4 10. Bh4 Nd7 11. Rfe1 h6 12. Bc2 g5 13. Bg3 Nxg3 14. hxg3 f5 15. a4
a5 16. Rad1 e6 17. Bd3 Qc8 18. Rc1 Ba6 19. c4 Qc7 20. Rc2 Rfc8 21. cxd5 Bxd3 22.
Qxd3 exd5 23. Qxf5 Qc6 24. dxc5 Rf8 25. Qg4 Nf6 26. Qd4 Ne4 27. Qd3 Nxc5 28. Qb5
Qf6 29. Nf1 Qf5 30. Ree2 Rab8 {Game drawn by mutual agreement} 1/2-1/2

[Event "Team 45 45 League T81"]
[Site "Internet Chess Club"]
[Date "2019.07.18"]
[Round "4"]
[White "WillC"]
[Black "VictorRed"]
[Result "1-0"]
[WhiteElo "1659"]
[BlackElo "1682"]
[Opening "Queen's pawn"]
[ECO "A40"]
[Time "20:08:11"]
[TimeControl "2700+45"]

1. d4 e6 2. Nf3 d5 3. b3 Nf6 4. Bb2 Nc6 5. e3 Bb4+ 6. c3 Bd6 7. Bd3 Ne4 8. O-O
O-O 9. Nbd2 f5 10. Rc1 Qe8 11. c4 Nxd2 12. Qxd2 Bb4 13. Qc2 Ba5 14. a3 a6 15. c5
Rf7 16. b4 Bxb4 17. axb4 Nxb4 18. Qb3 Nxd3 19. Qxd3 Bd7 20. Qc3 Rf6 21. Ne5 Bb5
22. Rfe1 Qh5 23. f3 Rh6 24. h3 Qg5 25. Kh2 f4 26. Ng4 Rg6 27. Rg1 h5 28. Ne5
Qg3+ 29. Kh1 Rg5 30. Qe1 fxe3 31. Qxe3 Rf8 32. Bc3 Rgf5 33. Be1 Qg5 34. Qxg5
Rxg5 35. Bh4 Rgf5 36. Ng6 {Black resigns} 1-0

[Event "Team 45 45 League T81"]
[Site "Internet Chess Club"]
[Date "2019.07.17"]
[Round "4"]
[White "QuieroAprender"]
[Black "XGG123"]
[Result "0-1"]
[WhiteElo "1671"]
[BlackElo "1503"]
[Opening "Sicilian defense"]
[ECO "B20"]
[Time "21:00:55"]
[TimeControl "2700+45"]

1. e4 c5 2. b3 Nc6 3. Bb2 d6 4. Bb5 Bd7 5. Ne2 Nf6 6. Nbc3 a6 7. Bd3 e6 8. Ng3
Be7 9. O-O O-O 10. Nce2 b5 11. c4 bxc4 12. Bxc4 d5 13. exd5 exd5 14. Bd3 a5 15.
Nf5 Bxf5 16. Bxf5 Re8 17. Qc2 d4 18. Ng3 g6 19. Bd3 Rb8 20. Rae1 Nb4 21. Qb1
Nxd3 22. Qxd3 a4 23. Ne4 Nxe4 24. Rxe4 axb3 25. axb3 Qb6 26. Rfe1 Qxb3 27. Qxb3
Rxb3 28. Ba1 Rbb8 29. g3 Kf8 30. Kg2 Bf6 31. Rxe8+ Rxe8 32. Rxe8+ Kxe8 33. Kf3
Kd7 34. Ke4 Kd6 35. d3 Ke6 36. f4 Bg7 37. g4 f5+ 38. gxf5+ gxf5+ 39. Kf3 Kd5 40.
Bb2 c4 41. Ke2 h5 42. Ba3 c3 43. Kd1 Bh6 44. Bc1 Kc5 45. Kc2 Kb4 46. h3 Ka4 47.
Be3 dxe3 48. Kxc3 Bxf4 49. d4 Bd6 50. Kd3 f4 {White resigns} 0-1

[Event "Team 45 45 League T81"]
[Site "Internet Chess Club"]
[Date "2019.07.21"]
[Round "4"]
[White "dalmata"]
[Black "julesraider"]
[Result "0-1"]
[WhiteElo "1526"]
[BlackElo "1623"]
[Opening "King's Indian defense, 3.Nc3"]
[ECO "E61"]
[Time "16:01:26"]
[TimeControl "2700+45"]

1. d4 Nf6 2. c4 g6 3. Nc3 Bg7 4. Nf3 O-O 5. Bg5 d6 6. e3 c5 7. Be2 Nbd7 8. O-O
b6 9. Qc2 Bb7 10. Rfd1 h6 11. Bxf6 Nxf6 12. dxc5 bxc5 13. Qb3 Rb8 14. Qa4 Ne4
15. Qa3 Nxc3 16. bxc3 Qc7 17. Rab1 Be4 18. Rxb8 Rxb8 19. Nd2 Bc6 20. Bf3 Bxf3
21. Nxf3 Qb6 22. g3 Qb2 23. Qxa7 Rb7 24. Qa8+ Rb8 25. Qa7 Rb7 26. Qa8+ Rb8 27.
Qa7 Bf6 28. Kg2 g5 29. Rd2 Qb1 30. Rd1 Qb2 31. Rd2 Qb1 32. Rd1 Qb7 33. Qxb7 Rxb7
34. Rc1 Rb2 35. a4 Ra2 36. a5 Rxa5 37. Nd2 Ra3 38. Ne4 Be5 39. f4 gxf4 40. exf4
Bg7 41. g4 Ra2+ 42. Kg3 Ra4 43. Nd2 f5 44. gxf5 Kf7 45. h4 Kf6 46. Kf3 Kxf5 47.
h5 Ra2 48. Ne4 Ra4 49. Nd2 d5 50. cxd5 Rxf4+ 51. Ke3 Bf6 52. c4 Bg5 53. Ke2 Rd4
54. Rf1+ Kg4 55. Nf3 Re4+ 56. Kf2 Bh4+ 57. Nxh4 Rf4+ 58. Ke2 Rxf1 {White
resigns} 0-1

[Event "Team 45 45 League T81"]
[Site "Internet Chess Club"]
[Date "2019.07.21"]
[Round "4"]
[White "Balderdash"]
[Black "Pawnchain"]
[Result "1-0"]
[WhiteElo "1354"]
[BlackElo "1385"]
[Opening "French: advance variation"]
[ECO "C02"]
[Time "15:00:46"]
[TimeControl "2700+45"]

1. e4 e6 2. e5 d5 3. d4 Ne7 4. Nh3 Bd7 5. Bd3 Nbc6 6. c3 Ng6 7. Bg5 Be7 8. Qd2
h6 9. Be3 Nh4 10. Nf4 g5 11. Nh5 Nxg2+ 12. Kd1 Nxe3+ 13. Qxe3 f5 14. Ng7+ Kf8
15. Nh5 Be8 16. Nf6 Bxf6 17. exf6 Qxf6 18. Nd2 f4 19. Qe2 Ne7 20. Kc2 Bg6 21.
Rag1 Bxd3+ 22. Qxd3 Qf5 23. Nf3 Qxd3+ 24. Kxd3 Ng6 25. h4 Nxh4 26. Nxh4 gxh4 27.
Rxh4 Ke7 28. Rxf4 Kd6 29. b4 Rhf8 30. Rgg4 Rae8 31. Ke3 Rxf4 32. Rxf4 Rg8 33.
Rh4 Rg6 34. a4 e5 35. Rh5 e4 36. f3 Rg3 37. Rxh6+ Kd7 38. Rf6 exf3 39. Rxf3
Rxf3+ 40. Kxf3 {Black resigns} 1-0

[Event "Team 45 45 League T81"]
[Site "Internet Chess Club"]
[Date "2019.07.22"]
[Round "4"]
[White "rkjulianjr"]
[Black "olivermx"]
[Result "1-0"]
[WhiteElo "1311"]
[BlackElo "1240"]
[Opening "QGD Slav defense: exchange variation"]
[ECO "D10"]
[Time "20:01:14"]
[TimeControl "2700+45"]

1. d4 d5 2. c4 c6 3. cxd5 cxd5 4. Bf4 Nf6 5. Nc3 a6 6. e3 e6 7. Bd3 Be7 8. h3
Nc6 9. a3 Bd7 10. Nf3 O-O 11. Rc1 Rc8 12. O-O Na5 13. Ne5 Be8 14. b4 Nc4 15. Nb1
Nb2 16. Rxc8 Qxc8 17. Qc1 Qxc1 18. Rxc1 Nxd3 19. Nxd3 Bc6 20. Ne5 Rc8 21. Nxc6
Rxc6 22. Rxc6 bxc6 23. Nd2 Nd7 24. Bc7 Kf8 25. Nb3 Ke8 26. Na5 Bd8 27. Bxd8 Kxd8
28. Nxc6+ Kc7 29. Na5 Nb6 30. Kf1 Nc4 31. Nxc4 dxc4 32. Ke2 Kb6 33. Kd2 Kb5 34.
Kc3 Ka4 35. Kxc4 Kxa3 36. e4 Ka4 37. d5 {Black resigns} 1-0

[Event "Team 45 45 League T81"]
[Site "Internet Chess Club"]
[Date "2019.07.19"]
[Round "4"]
[White "Toalla"]
[Black "grekor"]
[Result "1-0"]
[WhiteElo "1228"]
[BlackElo "1125"]
[Opening "Queen's gambit declined"]
[ECO "D30"]
[Time "18:00:32"]
[TimeControl "2700+45"]

1. d4 d5 2. c4 e6 3. Nf3 Nf6 4. g3 c5 5. cxd5 exd5 6. Bg2 cxd4 7. Nxd4 Bc5 8.
O-O Bxd4 9. Qxd4 Nc6 10. Qh4 O-O 11. Bg5 Bf5 12. Bxf6 Qxf6 13. Qxf6 gxf6 14.
Bxd5 Bh3 15. Rd1 Rfd8 16. Nc3 Nb4 17. Bxb7 Rxd1+ 18. Rxd1 Rb8 19. Bd5 Rd8 20.
Bxf7+ Kxf7 21. Rxd8 Ke7 22. Rh8 Bf5 23. e4 Bg4 24. Rxh7+ {Black resigns} 1-0

[Event "Team 45 45 League T81"]
[Site "Internet Chess Club"]
[Date "2019.07.20"]
[Round "4"]
[White "Hectormercado"]
[Black "mongmong"]
[Result "0-1"]
[WhiteElo "1537"]
[BlackElo "1542"]
[Opening "French: King's Indian attack"]
[ECO "C00"]
[Time "16:02:38"]
[TimeControl "2700+45"]

1. e4 e6 2. d3 d5 3. Nd2 Nf6 4. Ngf3 b6 5. g3 dxe4 6. dxe4 Bb7 7. Qe2 Nc6 8. e5
Nd7 9. Nc4 Ba6 10. Nd6+ cxd6 11. Qxa6 dxe5 12. Bb5 Qc7 13. O-O Be7 14. Rd1 Bf6
15. Qa4 Rc8 16. Be3 Ndb8 17. Rd2 O-O 18. Rad1 Rfd8 19. Bg5 Be7 20. Bxe7 Rxd2 21.
Rxd2 Nxe7 22. Ng5 h6 23. Ne4 Nec6 24. Rd6 Nd4 25. c3 Nxb5 26. Qxb5 Rd8 27. Rxd8+
Qxd8 28. Qxe5 Nc6 29. Qb5 Nb8 30. Qa4 a6 31. Qc2 Qd5 32. c4 Qc6 33. b3 Nd7 34.
Qd3 Nc5 35. Qd8+ Kh7 36. Nd6 Nb7 37. Nxb7 Qxb7 38. Qd6 Qe4 39. Qxb6 Qe1+ 40. Kg2
Qe4+ 41. f3 Qc2+ 42. Qf2 Qc3 43. c5 a5 44. f4 a4 45. bxa4 Qb4 46. Qc2+ g6 47. c6
Qd6 48. Kh3 Qd5 49. g4 Qf3+ 50. Kh4 Qxf4 51. c7 Qg5+ 52. Kg3 Qe5+ 53. Kf2 Qxh2+
{White resigns} 0-1

[Event "Team 45 45 League T81"]
[Site "Internet Chess Club"]
[Date "2019.07.18"]
[Round "4"]
[White "dabodhi"]
[Black "howah45"]
[Result "1/2-1/2"]
[WhiteElo "1312"]
[BlackElo "1205"]
[Opening "Scandinavian: Pytel-Wade variation"]
[ECO "B01"]
[Time "15:31:14"]
[TimeControl "2700+45"]

1. e4 d5 2. exd5 Qxd5 3. Nc3 Qd6 4. d4 Nf6 5. g3 a6 6. Bf4 Qb4 7. Bg2 Nc6 8. Ne2
Bg4 9. O-O Bxe2 10. Nxe2 O-O-O 11. c3 Qxb2 12. Qd2 Qxd2 13. Bxd2 e5 14. Bh3+ Kb8
15. Be3 Bd6 16. Rab1 exd4 17. Nxd4 Nxd4 18. Bxd4 Rhe8 19. Bg2 Ne4 20. Bxg7 c6
21. Rfd1 Rc8 22. Bh3 Rc7 23. Bf1 Ree7 24. Bd4 Bc5 25. Bxc5 Nxc5 26. Bh3 Ne4 27.
Rd8+ Ka7 28. c4 Nc3 29. Rb2 Ne2+ 30. Kf1 {Game drawn by mutual agreement}
1/2-1/2

[Event "Team 45 45 League T81"]
[Site "Internet Chess Club"]
[Date "2019.07.20"]
[Round "4"]
[White "kabubi"]
[Black "smsxman"]
[Result "0-1"]
[WhiteElo "1189"]
[BlackElo "1405"]
[Opening "French: King's Indian attack"]
[ECO "C00"]
[Time "11:01:02"]
[TimeControl "2700+45"]

1. e4 e6 2. d3 c5 3. Nd2 Nf6 4. g3 Be7 5. Bg2 O-O 6. Ngf3 d5 7. O-O dxe4 8. dxe4
Bd7 9. Qe2 a6 10. Re1 Nc6 11. Nf1 e5 12. Rd1 Qc8 13. Kh1 Bg4 14. Ne3 Bxf3 15.
Qxf3 Nd4 16. Rxd4 cxd4 17. Nd5 Nxd5 18. exd5 Qxc2 19. Kg1 Rab8 20. Bh3 Rfd8 21.
Bf5 Qc5 22. Be4 Rf8 23. Qh5 f5 24. Bxf5 g6 25. Be6+ Kh8 26. Qxe5+ Bf6 27. Qe4
Qd6 28. Bh6 Rfe8 29. Bf4 Qf8 30. Bxb8 Rxb8 31. Rc1 Qe7 32. f4 Qb4 33. b3 Qd2 34.
Qc2 Qe3+ 35. Kg2 d3 36. Qc7 Rf8 37. Qd6 Qe2+ 38. Kh3 Qh5+ 39. Kg2 Qe2+ 40. Kh3
Qh5+ 41. Kg2 Bg7 42. g4 Qh4 43. Rd1 Qf6 44. f5 Qb2+ 45. Kh3 Qe2 46. f6 Qf3+ 47.
Kh4 Bxf6+ 48. g5 Bg7 49. Qe7 Rf4+ {White resigns} 0-1